 Dungeon Crawl Stone Soup version 0.28.0-53-g5a82cb258f (webtiles) character file.

Game seed: 1723938043756067287

55233 Sin92 the Spear-Bearer (level 14, -6/97 HPs)
             Began as a Demonspawn Fighter on July 14, 2022.
             Was a High Priest of Hepliaklqana.
             Mangled by an entropy weaver simulacrum (25 damage)
             ... in an ice cave.
             The game lasted 00:58:06 (30254 turns).

Sin92 the Spear-Bearer (Demonspawn Fighter)        Turns: 30254, Time: 00:58:07

Health: -6/97      AC: 17    Str: 25    XL:     14   Next: 37%
Magic:  0/25       EV: 16    Int: 15    God:    Hepliaklqana [*****.]
Gold:   2523       SH: 10    Dex: 20    Spells: 24/28 levels left

rFire   + + .      SeeInvis +   a - +1 trident
rCold   . . .      Faith    .   l - +3 buckler {AC+3}
rNeg    . . .      Spirit   +   x - +5 leather armour of Henotheism {Harm rF++ Stlth+}
rPois   .          Reflect  .   F - +2 helmet {SInv}
rElec   .          Harm     +   (no cloak)
rCorr   .          Rampage  .   (no gloves)
Will    +....                   D - +1 pair of boots
Stlth   +++++.....              V - amulet of regeneration
HPRegen 1.06/turn               m - +6 ring of dexterity
MPRegen 0.38/turn               y - +6 ring of strength

@: studying 2 skills
A: reduced essence, hooves 1, magic shield, magic regeneration, magic link, big
brain 2, demonic magic 2
a: Renounce Religion, Recall Ancestor, Ancestor Identity, Transference, Idealise


You were in an ice cave.
You worshipped Hepliaklqana.
Hepliaklqana was extremely pleased with you.
You visited 3 branches of the dungeon, and saw 18 of its levels.
You also visited: Sewer, Ossuary, Bailey and Ice Cave.

You collected 2922 gold pieces.
You spent 399 gold pieces at shops.

Inventory:

Hand Weapons
 a - a +1 trident (weapon)
 i - a +2 whip of electrocution
Armour
 b - a +1 scale mail
 c - a +0 buckler
 k - a +2 plate armour
 l - a +3 buckler of protection (worn)
 x - the +5 leather armour of Henotheism (worn) {Harm rF++ Stlth+}
   (You bought it in a shop on level 6 of the Dungeon)

   rF:        It greatly protects you from fire.
   Harm:      It increases damage dealt and taken.
   Stlth:     It makes you more stealthy.
 B - a +0 helmet
 D - a +1 pair of boots (worn)
 F - a +2 helmet of see invisible (worn)
Jewellery
 g - an amulet of faith
 m - a +6 ring of dexterity (left hand)
 y - a +6 ring of strength (right hand)
 A - a +4 ring of protection
 M - a ring of resist corrosion
 O - a ring of willpower
 P - a ring of magical power
 S - a ring of ice
 U - a ring of willpower
 V - an amulet of regeneration (around neck)
Wands
 s - a wand of flame (19)
 C - a wand of charming (21)
 N - a wand of mindburst (6)
 T - a wand of acid (4)
Scrolls
 j - 2 scrolls of fear
 n - 9 scrolls of identify
 p - 4 scrolls of magic mapping
 q - 4 scrolls of blinking
 t - 7 scrolls of amnesia
 u - 3 scrolls of teleportation
 w - 2 scrolls of immolation
 J - a scroll of brand weapon
 K - 2 scrolls of fog
 L - 3 scrolls of enchant weapon
 R - a scroll of enchant armour
Potions
 d - 4 potions of haste
 e - 8 potions of curing
 f - 5 potions of mutation
 h - a potion of flight
 r - a potion of attraction
 v - 3 potions of cancellation
 z - 2 potions of might
 E - 7 potions of ambrosia
 G - a potion of invisibility
 H - a potion of brilliance
 I - 2 potions of resistance
 Q - 3 potions of lignification {unknown}


   Skills:
 + Level 9.1 Fighting
 * Level 11.2 Polearms
 + Level 8.2 Armour
 + Level 7.6 Dodging
 + Level 8.1 Stealth
 + Level 8.3 Shields
 + Level 7.8 Spellcasting
 + Level 10.6 Transmutations
 + Level 5.2 Earth Magic
 + Level 1.1 Invocations


You had 24 spell levels left.
You knew the following spells:

 Your Spells              Type           Power      Damage    Failure   Level
a - Petrify               Tmut/Erth      29%        N/A       6%          4

Your spell library contained the following spells:

 Spells                   Type           Power      Damage    Failure   Level
 Wereblood                Tmut           37%        N/A       1%          2
 Magic Dart               Conj           20%        1d4       17%         1
 Shock                    Conj/Air       20%        1d4       17%         1
 Ice Form                 Ice/Tmut       21%        N/A       19%         4
 Call Imp                 Summ           5%         N/A       26%         2
 Static Discharge         Conj/Air       5%         N/A       26%         2
 Sublimation of Blood     Necr           5%         N/A       26%         2
 Frozen Ramparts          Ice            10%        1d3       45%         3
 Inner Flame              Hex/Fire       5%         N/A       45%         3
 Mephitic Cloud           Conj/Pois/Air  5%         N/A       45%         3
 Summon Guardian Golem    Hex/Summ       5%         N/A       45%         3
 Swiftness                Air            5%         N/A       45%         3
 Irradiate                Conj/Tmut      10%        3d17      45%         5
 Airstrike                Air            2%         N/A       86%         4
 Cause Fear               Hex            2%         N/A       86%         4
 Dispel Undead            Necr           5%         3d7       86%         4
 Olgreb's Toxic Radiance  Pois           5%         N/A       86%         4
 Sticky Flame             Conj/Fire      5%         2d3       86%         4
 Summon Ice Beast         Ice/Summ       5%         N/A       86%         4
 Iskenderun's Battlesphe  Conj           5%         2d6       99%         5
 Dispersal                Tloc           2%         N/A       100%        6
 Iron Shot                Conj/Erth      6%         9d2       100%        6
 Malign Gateway           Summ/Tloc      2%         N/A       100%        7
 Orb of Destruction       Conj           2%         9d5       100%        7
 Ozocubu's Refrigeration  Ice            2%         4d5       100%        7
 Spellforged Servitor     Conj/Summ      2%         N/A       100%        7
 Summon Hydra             Summ           2%         N/A       100%        7
 Discord                  Hex            2%         N/A       100%        8
 Disjunction              Tloc           2%         N/A       100%        8
 Ignition                 Fire           2%         3d3       100%        8
 Summon Horrible Things   Summ           2%         N/A       100%        8


Dungeon Overview and Level Annotations

Branches:
Dungeon (11/15)            Temple (1/1) D:5            Lair (6/6) D:9
 Shoals (0/4) Lair:2        Snake (0/4) Lair:4        Slime (0/5) Lair:6
    Orc (0/2) D:11          Sewer (visited)         Ossuary (visited)
 Bailey (visited)           IceCv (1/1)

Altars:
Cheibriados
Elyvilon
Fedhas
Gozag
Hepliaklqana
Kikubaaqudgha
Okawaru
Qazlal
Sif Muna
Uskayaw
Wu Jian
Xom

Shops:
D:5 :   D:6 *

Annotations:
Lair:4 2 transporters, concernfroge's ghost, journeyman DECj IceCv 1 transporter


Innate Abilities, Weirdness & Mutations

Your life essence is reduced to manifest your ancestor. (-10% HP)
You have large cloven feet.
When hurt, damage is shared between your health and your magic reserves.
You regenerate magic rapidly.
When low on magic, you restore magic in place of health.
You have an extremely huge brain. (Int +4)
Spells you cast may paralyse nearby enemies.


Message History

The entropy weaver simulacrum closely misses you.
The death yak simulacrum gores Sin but does no damage.
You puncture the death yak simulacrum!
The death yak simulacrum vaporises!
Sin hits the death yak simulacrum with a +0 flail.
The entropy weaver simulacrum closely misses you.
You block the entropy weaver simulacrum's attack.
The entropy weaver simulacrum hits you but does no damage.
The entropy weaver simulacrum completely misses you.
You hit the entropy weaver simulacrum.
The entropy weaver simulacrum is lightly damaged.
Sin hits the death yak simulacrum with a +0 flail.
The death yak simulacrum gores Sin!
Sin is destroyed!
You block the entropy weaver simulacrum's attack.
The entropy weaver simulacrum closely misses you.
You block the entropy weaver simulacrum's attack.
The entropy weaver simulacrum hits you but does no damage.
The death yak simulacrum gores you but does no damage.
You puncture the death yak simulacrum!
The death yak simulacrum vaporises!
Really walk into that cloud of freezing vapour? [Y]es or [N]o only, please.
Really walk into that cloud of freezing vapour?
Okay, then.
You puncture the entropy weaver simulacrum!
The entropy weaver simulacrum is heavily damaged.
You block the entropy weaver simulacrum's attack.
The entropy weaver simulacrum hits you but does no damage. x2
The entropy weaver simulacrum hits you.
* * * LOW HITPOINT WARNING * * *
The entropy weaver simulacrum freezes you!!
* * * LOW HITPOINT WARNING * * *
Unknown command.
You feel much better.
The entropy weaver simulacrum closely misses you.
The entropy weaver simulacrum hits you.
* * * LOW HITPOINT WARNING * * *
The entropy weaver simulacrum freezes you!!
You die...

####
###...####
##........##
#..........##
#...........##
#.?..8.......#
#8./.........#
#©©[?.†Z.∩.∩.#
#8.?...@.....#
#.:..8.○.....#
#...........##
#..........##
##........##
###...####
####


You could see an entropy weaver simulacrum.

Vanquished Creatures
  A dire elephant (Lair:6)
  A boulder beetle (Lair:4)
  4 hydras
  5 two-headed ogres
  A deep troll shaman (Lair:6)
  3 death yaks (Lair:6)
  Sonja (D:10)
  A fire crab (Lair:5)
  An orc knight (Bailey)
  An orc sorcerer (Bailey)
  An oklob plant (Lair:2)
  A cyclops (shapeshifter) (D:8)
  A cyclops (D:10)
  An ugly thing (IceCv)
  5 elephants (Lair:6)
  3 black mambas
  2 merfolk sirens (Lair:2)
  3 centaur zombies
  Maggie (D:7)
  4 cane toads
  An unseen horror (D:11)
  3 komodo dragons
  A rime drake (Lair:1)
  A freezing wraith (D:11)
  A queen bee (Lair:2)
  A troll (D:11)
  A polar bear (Lair:6)
  8 blink frogs
  Prince Ribbit (D:5)
  A dream sheep (Lair:6)
  Sigmund (D:6)
  A shadow (D:10)
  2 wraiths
  31 yaks
  2 wyverns
  Grum (D:10)
  2 steam dragons
  2 death yak simulacra (IceCv)
  A basilisk (Lair:3)
  A vampire mosquito (D:11)
  Menkaure (D:7)
  A warg (D:11)
  2 acid dragons (D:11)
  3 nagas (Lair:4)
  7 water moccasins
  Pargi (Sewer)
  2 black bears
  A floating eye (D:11)
  An ice beast (D:6)
  3 sky beasts
  A necrophage (D:5)
  10 orc warriors
  3 ogres
  3 centaurs
  A phantom (D:5)
  13 wolves
  A kobold brigand (D:7)
  11 bullfrogs
  2 scorpions (D:5)
  2 water moccasin skeletons
  3 water moccasin zombies (Ossuary)
  25 killer bees
  3 wights (D:7)
  13 electric eels
  6 howler monkeys
  A lava snake (D:10)
  A centaur skeleton (D:4)
  5 hounds
  9 orc priests
  2 gnoll shamans
  12 orc wizards
  Ijyb (D:5)
  A scorpion zombie (D:5)
  2 mummies (Ossuary)
  2 howler monkey zombies
  16 gnolls
  5 adders
  12 white imps (D:11)
  An ufetubus (D:4)
  5 adder zombies (Ossuary)
  2 dart slugs
  38 orcs
  4 ball pythons
  9 endoplasms
  6 giant cockroaches
  6 gnoll zombies (Ossuary)
  11 goblins
  10 hobgoblins
  5 jackals
  3 quokkas
  4 bats
  A frilled lizard (D:1)
  5 hobgoblin zombies (Ossuary)
  13 kobolds
  3 kobold zombies (Ossuary)
  10 orc zombies (Ossuary)
  3 rats
431 creatures vanquished.

Vanquished Creatures (collateral kills)
  4 hydras
  A catoblepas (Lair:6)
  A two-headed ogre (D:8)
  A tengu warrior (D:8)
  2 death yaks (Lair:6)
  An orc knight (Bailey)
  An oklob plant (Lair:6)
  3 elephants (Lair:6)
  A black mamba (Lair:1)
  3 cane toads
  A torpor snail (Lair:6)
  A kobold demonologist (Bailey)
  3 komodo dragons
  4 blink frogs
  3 dream sheep (Lair:6)
  A centaur simulacrum (D:11)
  2 shadows (D:11)
  A wraith (D:9)
  2 wyverns
  13 yaks
  A vampire mosquito (D:11)
  4 basilisks
  A naga (Lair:4)
  An acid dragon (D:10)
  3 water moccasins
  5 orc warriors
  A black bear (Lair:6)
  A sky beast (D:7)
  An ogre (D:6)
  4 centaurs
  8 wolves (Lair:6)
  A gnoll sergeant (D:11)
  2 bullfrogs
  18 killer bees
  5 electric eels
  An orc priest (D:11)
  4 orc wizards
  An iguana (D:7)
  An adder (D:6)
  A gnoll (Bailey)
  19 orcs
  2 goblins (Bailey)
  A hobgoblin (Bailey)
135 creatures vanquished.

Vanquished Creatures (others)
  3 ancestors
  14 knights
  16 fungi
  24 plants
57 creatures vanquished.

Grand Total: 623 creatures vanquished

Notes
Turn   | Place    | Note
-------+----------+-------------------------------------------
     0 | D:1      | Sin92 the Demonspawn Fighter began the quest for the Orb.
     0 | D:1      | Reached XP level 1. HP: 18/18 MP: 1/1
    43 | D:1      | Reached skill level 2 in Polearms
   199 | D:1      | Gained mutation: You regenerate magic rapidly. [demonic
                  | ancestry]
   199 | D:1      | Reached XP level 2. HP: 21/24 MP: 2/2
   382 | D:1      | Found a faded altar of an unknown god.
  1383 | D:2      | Gained mutation: Spells you cast may paralyse adjacent
                  | enemies. [demonic ancestry]
  1383 | D:2      | Reached XP level 3. HP: 10/29 MP: 4/4
  1596 | D:2      | Reached skill level 1 in Spellcasting
  1760 | D:2      | Reached skill level 1 in Dodging
  1760 | D:2      | Gained mutation: You have large cloven feet. [demonic
                  | ancestry]
  1760 | D:2      | Reached XP level 4. HP: 25/35 MP: 5/5
  1945 | D:2      | Reached skill level 3 in Polearms
  2373 | D:3      | Noticed a sky beast
  2422 | D:3      | Reached XP level 5. HP: 28/41 MP: 7/7
  3098 | D:3      | Killed a sky beast
  3099 | D:3      | Reached XP level 6. HP: 40/48 MP: 7/9
  3702 | D:3      | Identified a scroll of acquirement
  3702 | D:3      | Acquired a manual of Transmutations
  3798 | D:4      | Found a glowing drain.
  3864 | Sewer    | Entered a sewer
  3898 | Sewer    | Noticed Pargi
  3907 | Sewer    | Killed Pargi
  3908 | Sewer    | Reached skill level 1 in Transmutations
  4203 | D:4      | Reached skill level 4 in Polearms
  4203 | D:4      | Gained mutation: You have an unusually large brain. (Int
                  | +2) [demonic ancestry]
  4203 | D:4      | Reached XP level 7. HP: 42/54 MP: 10/10
  4224 | D:4      | Reached skill level 1 in Stealth
  4279 | D:4      | Found a sand-covered staircase.
  4328 | Ossuary  | Entered an ossuary
  5137 | D:5      | Entered Level 5 of the Dungeon
  5145 | D:5      | Found an ancient bone altar of Kikubaaqudgha.
  5155 | D:5      | Gained mutation: When hurt, damage is shared between your
                  | health and your magic reserves. [demonic ancestry]
  5155 | D:5      | Reached XP level 8. HP: 47/61 MP: 12/12
  5519 | D:5      | Noticed Ijyb
  5551 | D:5      | Killed Ijyb
  5820 | D:5      | Noticed Prince Ribbit
  5846 | D:5      | Killed Prince Ribbit
  5847 | D:5      | Reached skill level 5 in Polearms
  5858 | D:5      | Found a staircase to the Ecumenical Temple.
  5869 | Temple   | Entered the Ecumenical Temple
  5979 | Temple   | Became a worshipper of Hepliaklqana the Forgotten
  6379 | D:5      | Reached skill level 5 in Fighting
  6896 | D:5      | Gained mutation: Spells you cast may paralyse nearby
                  | enemies. [demonic ancestry]
  6896 | D:5      | Reached XP level 9. HP: 45/68 MP: 9/14
  7346 | D:5      | Found Peutzulo's Book Boutique.
  7349 | D:5      | Bought a book of Minor Magic for 252 gold pieces
  7454 | D:6      | Reached skill level 6 in Polearms
  7586 | D:6      | Noticed Sigmund
  7598 | D:6      | Killed Sigmund
  8005 | D:6      | Reached skill level 5 in Armour
  8005 | D:6      | Reached skill level 5 in Shields
  8005 | D:6      | Reached skill level 5 in Transmutations
  8020 | D:6      | Found Caleap's Assorted Antiques.
  8024 | D:6      | Reached * piety under Hepliaklqana
  8032 | D:6      | Bought a masterwork leather armour for 147 gold pieces
  8032 | D:6      | Identified the +5 leather armour of Henotheism {Harm rF++
                  | Stlth+} (You bought it in a shop on level 6 of the Dungeon)
  8528 | D:7      | Noticed a two-headed ogre
  8534 | D:7      | Killed a two-headed ogre
  8535 | D:7      | Gained mutation: When low on magic, you restore magic in
                  | place of health. [demonic ancestry]
  8535 | D:7      | Reached XP level 10. HP: 48/68 MP: 11/16
  8911 | D:7      | Noticed Maggie
  8941 | D:7      | Killed Maggie
  9285 | D:7      | Reached skill level 7 in Polearms
  9314 | D:7      | Noticed Menkaure
  9319 | D:7      | Killed Menkaure
  9979 | D:7      | Reached ** piety under Hepliaklqana
 10505 | D:8      | Noticed a two-headed ogre
 10514 | D:8      | Killed a two-headed ogre
 10524 | D:8      | Reached skill level 5 in Spellcasting
 10730 | D:8      | Noticed a cyclops
 10730 | D:8      | a komodo dragon changed into a cyclops
 10733 | D:8      | Killed a cyclops
 10734 | D:8      | Reached skill level 5 in Stealth
 10862 | D:8      | Reached *** piety under Hepliaklqana
 11228 | D:8      | Acquired 455 gold pieces
 11258 | D:9      | Noticed a tengu warrior
 11258 | D:9      | Noticed a two-headed ogre
 11259 | D:9      | Remembered your ancestor Sin as a knight
 11935 | D:9      | Reached XP level 11. HP: 72/74 MP: 18/18
 11956 | D:9      | Found a staircase to the Lair.
 12953 | D:9      | Reached skill level 5 in Dodging
 13232 | D:9      | Reached **** piety under Hepliaklqana
 13826 | D:8      | Killed a tengu warrior
 13827 | D:8      | Reached skill level 8 in Polearms
 14140 | D:8      | Killed a two-headed ogre
 14314 | Lair:1   | Entered Level 1 of the Lair of Beasts
 15010 | Lair:1   | Learned a level 4 spell: Petrify
 15559 | Lair:1   | Reached skill level 1 in Earth Magic
 16405 | Lair:2   | Noticed an oklob plant
 16428 | Lair:2   | Killed an oklob plant
 16492 | Lair:2   | Gained mutation: You have an extremely huge brain. (Int +4)
                  | [demonic ancestry]
 16492 | Lair:2   | Reached XP level 12. HP: 25/81 MP: 21/21
 16799 | Lair:2   | Reached ***** piety under Hepliaklqana
 16870 | Lair:2   | Noticed a six-headed hydra
 16879 | Lair:2   | Killed a six-headed hydra
 16880 | Lair:2   | Reached skill level 9 in Polearms
 17242 | Lair:2   | Found a staircase to the Shoals.
 17527 | Lair:3   | Found a blossoming altar of Fedhas.
 17826 | Lair:3   | Noticed an eight-headed hydra
 18131 | Lair:2   | Killed an eight-headed hydra
 19373 | Lair:4   | Noticed an eight-headed hydra
 19384 | Lair:4   | Killed an eight-headed hydra
 19738 | Lair:4   | Found a staircase to the Snake Pit.
 20180 | Lair:4   | Found a transporter.
 20206 | Lair:4   | Noticed an eight-headed hydra
 20206 | Lair:4   | Noticed concernfroge's ghost (journeyman DECj)
 20212 | Lair:4   | Noticed a four-headed hydra
 20222 | Lair:4   | Found a transporter.
 20352 | Lair:4   | Noticed an eight-headed hydra
 20361 | Lair:4   | Killed an eight-headed hydra
 20550 | Lair:4   | Noticed a boulder beetle
 20574 | Lair:4   | Killed a boulder beetle
 21368 | Lair:5   | Noticed a five-headed hydra
 21377 | Lair:5   | Killed a five-headed hydra
 21887 | Lair:5   | Reached XP level 13. HP: 85/88 MP: 23/23
 21907 | Lair:5   | Reached skill level 10 in Polearms
 22359 | Lair:6   | Entered Level 6 of the Lair of Beasts
 23016 | Lair:6   | Reached ****** piety under Hepliaklqana
 23097 | Lair:6   | Found a staircase to the Slime Pits.
 24912 | Lair:6   | Reached skill level 10 in Transmutations
 25473 | Lair:6   | Noticed a dire elephant
 25498 | Lair:6   | Killed a dire elephant
 25781 | D:10     | Entered Level 10 of the Dungeon
 25869 | D:10     | Noticed Grum
 25886 | D:10     | Killed Grum
 25989 | D:10     | Found a flagged portal.
 26007 | Bailey   | Entered a bailey
 26167 | Bailey   | Reached XP level 14. HP: 95/95 MP: 25/25
 27056 | Bailey   | Found an iron altar of Okawaru.
 27065 | Bailey   | Reached skill level 5 in Earth Magic
 27070 | Bailey   | Reached skill level 11 in Polearms
 27930 | D:10     | Noticed Sonja
 27937 | D:10     | Killed Sonja
 29602 | D:11     | Acquired 1082 gold pieces
 29875 | D:11     | Found a staircase to the Orcish Mines.
 30179 | D:11     | Found a frozen archway.
 30197 | D:11     | Reached skill level 1 in Invocations
 30235 | IceCv    | Entered an ice cave
 30236 | IceCv    | Found a transporter.
 30253 | IceCv    | HP: 1/97 [entropy weaver simulacrum (28)]
 30254 | IceCv    | Mangled by an entropy weaver simulacrum

Illustrated notes

Levels and vault maps discovered:
D:1:      saegor_arrival_under_anarchy, layout_loops_corners,
          shapermc_ecumenical_altar_venn, chequers_serial_rivers_room_a
D:2:      layout_rooms
D:3:      layout_basic
D:4:      layout_basic, gup_sewer_entry_glass,
          nicolae_ossuary_entry_false_entrances, dk_noncrumbling_2
D:5:      nicolae_cairo_tiling_large_dashed, layout_loops_ring,
          amcnicky_altar_gilded, serial_shops, kennysheep_mini, uniq_ijyb,
          uniq_prince_ribbit1
D:6:      layout_cave_pools, serial_shops, nicolae_square_shop,
          grunt_decor_resistance, corexii_hall_statues_i, uniq_sigmund
D:7:      layout_gridville, uniq_menkaure, uniq_maggie
D:8:      layout_gridville
D:9:      layout_layer_cave, lair_entry_dummy, billiards_dpeg
D:10:     layout_basic, enter_bailey_2, kennysheep_generic_room_16, uniq_grum,
          uniq_sonja
D:11:     layout_basic, david_orc_3, portal_ice_cave_entry_imps,
          chequers_serial_rivers_small_a, minmay_large_rounded_square,
          grunt_decor_fettered, onia_ninara_cookie
Temple:   compressed_dpeg_circular_temple
Lair:1:   layout_hall_layers, beast_lair_carwin_7, infiniplex_staircase_pool,
          grunt_megastairs_3
Lair:2:   layout_roguey [special_room_bee], elwin_shoals_entry_rooms
Lair:3:   layout_roguey, basic_altar, disabler_island, serial_bayou_shore_a
Lair:4:   layout_hall_layers, minmay_snake_entry_guardpost_small,
          gammafunk_ghost_berserking_beasts, lemuel_fruit_fields
Lair:5:   layout_misc_corridors, st_stairs_11, grunt_megastairs_1
Lair:6:   grunt_lair_end_beastmaster, layout_concentric_octagons,
          minmay_slime_entry_oklob_enclosed, lemuel_fruit_tree
IceCv:    ice_cave_statue_garden_transporter

Skill      XL: |  1  2  3  4  5  6  7  8  9 10 11 12 13 14 |
---------------+-------------------------------------------+-----
Polearms       | 2 3 4 5 6 7 8 9 10 11 | 11.2
Spellcasting   | 1 2 3 4 5 6 7 |  7.8
Armour         | 3 4 5 6 7 8 |  8.2
Dodging        | 1 2 3 4 5 6 7 |  7.6
Shields        | 3 4 5 6 7 8 |  8.3
Fighting       | 4 5 6 7 8 9 |  9.1
Transmutations | 1 2 4 5 6 8 9 10 | 10.6
Stealth        | 1 3 4 5 6 7 8 |  8.1
Earth Magic    | 2 3 4 5 |  5.2
Invocations    | 1 |  1.1

Action                   |  1- 3 |  4- 6 |  7- 9 | 10-12 | 13-15 || total
-------------------------+-------+-------+-------+-------+-------++-------
Melee: Trident           |    72 |   210 |   427 |   879 |   840 ||  2428
       Kick              |       |    31 |   153 |    47 |       ||   231
Throw: Throwing net      |       |       |       |       |     1 ||     1
 Cast: Petrify           |       |       |       |       |     7 ||     7
Invok: Ancestor Life: Kn |       |       |       |     1 |       ||     1
       Recall Ancestor   |       |       |       |     2 |     1 ||     3
       Ancestor Identity |       |       |       |     1 |       ||     1
  Use: Scroll            |     3 |     4 |     6 |    14 |     2 ||    29
       Potion            |       |     3 |     9 |     8 |     6 ||    26
 Stab: Sleeping          |       |       |     2 |    25 |    17 ||    44
       Invisible         |       |       |       |     6 |       ||     6
       Distracted        |       |       |       |     6 |     9 ||    15
       Paralysed         |       |       |       |       |     3 ||     3
Armor: Scale mail        |    23 |       |       |       |       ||    23
       Plate armour      |       |   182 |   199 |       |       ||   381
       Leather armour    |       |       |    10 |   275 |   206 ||   491
Dodge: Dodged            |    29 |    38 |    85 |   509 |   369 ||  1030
Block: Buckler           |     8 |    57 |   112 |   358 |   325 ||   860
